 Dungeon Crawl Stone Soup version 0.27-a0-79-gcaaa221d37 (webtiles) character file.

Game seed: 4664905550871460369

391 kae the Insei (level 6, -4/61 HPs)
             Began as an Octopode Transmuter on Jan 14, 2021.
             Was an Initiate of Ru.
             Slain by a bullfrog (8 damage)
             ... on level 5 of the Dungeon.
             The game lasted 00:02:16 (4367 turns).

kae the Insei (Octopode Transmuter)                 Turns: 4367, Time: 00:02:17

Health: -4/61      AC:  3    Str: 11    XL:     6   Next: 80%
Magic:  10/10      EV: 14    Int: 16    God:    Ru [......]
Gold:   188        SH:  0    Dex: 12    Spells: 7/11 levels left

rFire    . . .     SeeInvis .     - Unarmed
rCold    . . .     Faith    .   (no shield)
rNeg     . . .     Spirit   .   g - +2 hat
rPois    .         Reflect  .   (no amulet)
rElec    .         Harm     .   (no ring)
rCorr    .         Rampage  .   (no ring)
Will     .....                  (no ring)
Stlth    ..........             (no ring)
HPRegen  0.20/turn              (no ring)
MPRegen  0.12/turn              (no ring)
                                (no ring)
                                (no ring)

@: berserking, marked, flying, slowed
A: almost no armour, stealthy swim, amphibious, 8 rings, constrict 8, camouflage
1, gelatinous body 1
a: Renounce Religion


You were on level 5 of the Dungeon.
You worshipped Ru.
Ru was noncommittal.
You visited 2 branches of the dungeon, and saw 6 of its levels.

You collected 188 gold pieces.

Inventory:

Armour
 g - a +2 hat (worn)
Scrolls
 b - 5 scrolls of remove curse
 f - a scroll of teleportation
Potions
 c - a potion of might
 d - a potion of degeneration


   Skills:
 + Level 2.4 Fighting
 + Level 3.1 Dodging
 * Level 4.6 Unarmed Combat
 + Level 3.1 Spellcasting
 + Level 3.1 Transmutations
 - Level 3.0 Poison Magic


You had 7 spell levels left.
You knew the following spells:

 Your Spells              Type           Power        Failure   Level
a - Beastly Appendage     Tmut           24%          5%          1
b - Spider Form           Tmut/Pois      6%           16%         3

Your spell library contained the following spells:

 Spells                   Type           Power        Failure   Level
 Wereblood                Tmut           12%          8%          2
 Ice Form                 Ice/Tmut       7%           69%         4
 Blade Hands              Tmut           6%           82%         5


Dungeon Overview and Level Annotations

Branches:
Dungeon (6/15)             Temple (1/1) D:6

Altars:
Ashenzari
Cheibriados
Dithmenos
Fedhas
Gozag
Hepliaklqana
Kikubaaqudgha
Makhleb
Qazlal
Ru
Sif Muna
Trog
Uskayaw
Xom
Yredelemnul
The Shining One


Innate Abilities, Weirdness & Mutations

You cannot wear most types of armour.
You are very stealthy in the water. (Stealth+)
You are amphibious.
You can wear up to eight rings at the same time.
You can use your tentacles to constrict eight enemies at once.
Your skin changes colour to match your surroundings (Stealth+).
Your rubbery body absorbs attacks. (AC +1, EV +1)


Message History

The kobold closely misses you. The bullfrog completely misses you.
The kobold closely misses you.
It was a potion of berserk rage.
A red film seems to cover your vision as you go berserk!
You feel yourself moving faster!
You feel mighty!
Your transformation has ended.
Your +2 hat unmelds from your body.
The bullfrog hits you but does no damage.
The bullfrog hits you.
* * * LOW HITPOINT WARNING * * *
The kobold closely misses you.
You bludgeon the kobold!
You kill the kobold!
The bullfrog hits you but does no damage.
The bullfrog closely misses you.
You closely miss the bullfrog. Your grab misses the bullfrog.
The bullfrog misses you.
You closely miss the bullfrog. Your grab misses the bullfrog.
The bullfrog hits you!
You die...

#.#.# #.#.#
#.#.# #.#.#
#.#.####
#.#####......
#.....?F..#####.
#....@w.....).
#.####.....##.
#.....#
#.?......
#......##
#...?..#
#......#
######.(


You could see a bullfrog and a worm.

Vanquished Creatures
  A phantom (D:6)
  A big kobold (D:6)
  A bullfrog (D:6)
  3 worker ants
  4 adders
  A white imp (D:6)
  A worm (D:2)
  3 dart slugs
  2 orcs
  A ball python (D:3)
  A giant cockroach (D:3)
  6 goblins
  6 hobgoblins
  3 quokkas
  5 bats
  6 frilled lizards
  7 kobolds
  A leopard gecko skeleton (D:6)
  7 rats
60 creatures vanquished.

Vanquished Creatures (others)
  A goblin (D:1)
1 creature vanquished.

Grand Total: 61 creatures vanquished

Notes
Turn   | Place    | Note
-------+----------+-------------------------------------------
     0 | D:1      | kae the Octopode Transmuter began the quest for the Orb.
     0 | D:1      | Reached XP level 1. HP: 13/13 MP: 3/3
   304 | D:1      | Reached XP level 2. HP: 7/18 MP: 1/5
  1300 | D:2      | Reached XP level 3. HP: 9/23 MP: 4/6
  1493 | D:2      | Learned a level 3 spell: Spider Form
  1856 | D:2      | Reached skill level 1 in Poison Magic
  1856 | D:2      | Reached XP level 4. HP: 7/28 MP: 5/7
  3267 | D:3      | Reached XP level 5. HP: 34/34 MP: 6/8
  3403 | D:3      | You fall into a shaft and drop 3 floors!
  3404 | D:6      | Noticed a phantom
  3423 | D:6      | Killed a phantom
  3424 | D:6      | Reached skill level 4 in Unarmed Combat
  3424 | D:6      | Reached XP level 6. HP: 9/39 MP: 3/10
  3425 | D:6      | Found a staircase to the Ecumenical Temple.
  3437 | Temple   | Entered the Ecumenical Temple
  3820 | Temple   | Became a worshipper of Ru the Awakened
  3839 | D:5      | Entered Level 5 of the Dungeon
  4367 | D:5      | Slain by a bullfrog

Illustrated notes

Levels and vault maps discovered:
D:1:      dpeg_arrival_stonehenge_8_columns, layout_basic, lemuel_flame_loot_1
D:2:      layout_basic
D:3:      layout_basic, minivault_19, kennysheep_doodads,
          minmay_misc_feat_rugged, grunt_decor_cap, palyth_stone_intersect
D:5:      layout_basic
D:6:      layout_basic, nemelex_altar_shiori,
          minmay_temple_entry_drinking_statues
Temple:   eino_temple_scatter_basement

Skill      XL: |  1  2  3  4  5  6 |
---------------+-------------------+-----
Poison Magic   | 1 2 3 |  3.0
Fighting       | 2 |  2.4
Unarmed Combat | 4 |  4.6
Dodging        | 3 |  3.1
Transmutations | 3 |  3.1
Spellcasting   | 3 |  3.1

Action                   |  1- 3 |  4- 6 || total
-------------------------+-------+-------++-------
Melee: Unarmed           |    62 |    90 ||   152
       Constrict         |    19 |    11 ||    30
       Kick              |     9 |     5 ||    14
       Tentacles         |    14 |     4 ||    18
       Punch             |       |     1 ||     1
 Cast: Beastly Appendage |    13 |    14 ||    27
       Spider Form       |       |     5 ||     5
  Use: Scroll            |     3 |     2 ||     5
       Potion            |       |     6 ||     6
 Stab: Sleeping          |     2 |     3 ||     5
Armor: Skin              |     5 |    15 ||    20
Dodge: Dodged            |    39 |    87 ||   126

Table legend: (Time is in decaauts)
 A = Elapsed time spent in this place.
 B = Non-inter-level travel time spent in this place.
 C = Inter-level travel time spent in this place.
 D = Time resting spent in this place.
 E = Time spent auto-exploring this place.
 F = Levels seen in this place.
 G = Mean time per level.
                   A        B        C        D        E       F      G
               +--------+--------+--------+--------+--------+-----+--------+
         Total |   4361 |   4326 |     35 |   1135 |   2699 |   6 |  726.8 |
       Dungeon |   3968 |   3951 |     17 |    923 |   2539 |   5 |  793.6 |
        Temple |    392 |    374 |     18 |    212 |    160 |   1 |  392.0 |
               +--------+--------+--------+--------+--------+-----+--------+

Top non-repeatable levels by time:
     D:2: 1349 daAuts
     D:1: 1232 daAuts
     D:3: 813 daAuts
     D:6: 540 daAuts
  Temple: 392 daAuts
     D:5: 32 daAuts
